 Dungeon Crawl Stone Soup version 0.28.0-43-g3370ac3207 (webtiles) character file.

Game seed: 15486809674156316027

58229 fknight the Spear-Bearer (level 14, -11/113 HPs)
             Began as a Gnoll Berserker on Mar 15, 2022.
             Was an Elder of Trog.
             Killed from afar by a will-o-the-wisp (13 damage)
             ... with a foxfire
             ... on level 1 of the Swamp on Mar 16, 2022.
             The game lasted 01:38:45 (26219 turns).

fknight the Spear-Bearer (Gnoll Berserker)         Turns: 26219, Time: 01:38:47

Health: -11/113    AC: 31    Str: 19    XL:     14   Next: 89%
Magic:  27/27      EV: 11    Int:  6    God:    Trog [****..]
Gold:   1199       SH: 16    Dex: 15    Spells: 32/32 levels left

rFire   . . .      SeeInvis .   O - +9 trident (freeze)
rCold   . . .      Faith    +   c - +0 tower shield
rNeg    . . .      Spirit   .   I - +5 plate armour
rPois   .          Reflect  .   A - +2 helmet
rElec   .          Harm     .   L - +0 cloak
rCorr   .          Rampage  .   R - +2 pair of gloves
Will    ++++.                   P - +2 pair of boots
Stlth   ..........              h - amulet of faith
HPRegen 1.28/turn               E - +4 ring of evasion
MPRegen 0.20/turn               F - ring of willpower

@: strong-willed, on berserk cooldown, regenerating, very slow
A: fangs 1, strong nose, distributed training
a: Renounce Religion, Berserk, Trog's Hand, Brothers in Arms


You were on level 1 of the Swamp.
You worshipped Trog.
Trog was greatly pleased with you.
You visited 3 branches of the dungeon, and saw 19 of its levels.
You also visited: Ossuary.

You collected 1199 gold pieces.

Inventory:

Hand Weapons
 f - a +0 vampiric glaive
 i - a +0 halberd of freezing
 j - a +4 flail of holy wrath
 o - a +0 hunting sling of venom
 s - the +1 mace "Ijojiusch" {flame, Fly rElec Int+2 Dex+4}
   (You found it on level 3 of the Lair of Beasts)

   It burns those it strikes, dealing additional fire damage.
   Int:       It affects your intelligence (+2).
   Dex:       It affects your dexterity (+4).
   rElec:     It insulates you from electricity.
   Fly:       It grants you flight.
 y - the +6 trident "Giatyesedd" {drain, *Noise rC+++ Int+7}
   (You took it off a spriggan on level 8 of the Dungeon)

   A truly terrible weapon, it drains the life of any living foe it strikes.
   Int:       It affects your intelligence (+7).
   rC:        It renders you almost immune to cold.
   *Noise:    It may make noises in combat.
 B - a +2 short sword of venom
 D - a +7 vorpal lajatang
 G - a +1 trident of holy wrath
 M - a +4 mace of freezing
 O - a +9 trident of freezing (weapon)
 S - a +6 scimitar of flaming
 Y - a +2 long sword of draining
Missiles
 x - 42 poisoned darts (quivered)
 H - 3 boomerangs
 K - 39 sling bullets
 Q - 11 atropa-tipped darts
 T - 4 curare-tipped darts
Armour
 c - a +0 tower shield (worn)
 A - a +2 helmet (worn)
 I - a +5 plate armour (worn)
 L - a +0 cloak (worn)
 P - a +2 pair of boots (worn)
 R - a +2 pair of gloves (worn)
Jewellery
 a - a ring of willpower
 h - an amulet of faith (around neck)
 l - a ring of positive energy
 v - the ring "Ilell" {Fly Dex+3}
   (You found it on level 4 of the Lair of Beasts)

   [ring of flight]

   Dex:       It affects your dexterity (+3).
   Fly:       It grants you flight.
 C - an amulet of regeneration
 E - a +4 ring of evasion (left hand)
 F - a ring of willpower (right hand)
 X - a ring of magical power
Wands
 k - a wand of flame (20)
 w - a wand of digging (6)
 J - a wand of charming (3)
 V - a wand of paralysis (9)
 Z - a wand of iceblast (9)
Scrolls
 e - 4 scrolls of teleportation
 g - a scroll of fog
 q - 3 scrolls of identify
 N - 2 scrolls of silence
 U - a scroll of enchant weapon
Potions
 b - 2 potions of curing
 d - 3 potions of might
 n - 2 potions of magic
 p - a potion of flight
 r - a potion of resistance
 t - 4 potions of ambrosia
Miscellaneous
 u - a phial of floods
 z - a piece from Xom's chessboard (15/15)


   Skills:
 + Level 11.6 Fighting
 + Level 9.6 Short Blades
 + Level 9.6 Long Blades
 + Level 9.6 Axes
 + Level 9.6 Maces & Flails
 + Level 11.6 Polearms
 + Level 9.6 Staves
 + Level 9.6 Slings
 + Level 9.6 Bows
 + Level 9.6 Crossbows
 + Level 9.6 Throwing
 + Level 10.7 Armour
 + Level 10.7 Dodging
 + Level 9.6 Stealth
 + Level 9.6 Shields
 + Level 9.6 Unarmed Combat
 + Level 9.6 Spellcasting
 + Level 8.0 Conjurations
 + Level 8.0 Hexes
 + Level 8.0 Summonings
 + Level 8.0 Necromancy
 + Level 8.0 Translocations
 + Level 8.0 Transmutations
 + Level 8.0 Fire Magic
 + Level 8.0 Ice Magic
 + Level 8.0 Air Magic
 + Level 8.0 Earth Magic
 + Level 8.0 Poison Magic
 + Level 10.5 Invocations
 + Level 9.6 Evocations


You had 32 spell levels left.
You didn't know any spells.
Your spell library was empty.

Dungeon Overview and Level Annotations

Branches:
Dungeon (12/15)            Temple (0/1) D:6            Lair (6/6) D:9
  Swamp (1/4) Lair:3        Snake (0/4) Lair:3        Slime (0/5) Lair:6
    Orc (0/2) D:12        Ossuary (visited)

Altars:
Dithmenos
Gozag
Kikubaaqudgha
Trog
Uskayaw

Annotations:
D:12 2 transporters, Nissa's ghost, journeyman MiFi
Lair:6 exclusion: obsidian statue


Innate Abilities, Weirdness & Mutations

You have very sharp teeth.
Your uncanny sense of smell can sniff out nearby items.
Your experience applies equally to all skills.


Message History

You feel much better.
You are engulfed in a cloud of scalding steam.
The foxfire hits you but does no damage. x2
The will-o-the-wisp engulfs you but does no damage.
The swamp drake bites you but does no damage.
The will-o-the-wisp gestures.
The will-o-the-wisp conjures some foxfire! 2 foxfires come into view.
You are too confused!
You impale the foxfire!! You freeze the foxfire.
The foxfire is moderately damaged.
You are engulfed in a cloud of scalding steam.
The foxfire hits you but does no damage.
The foxfire hits you!!
* * * LOW HITPOINT WARNING * * *
The swamp drake breathes poison at you. The noxious blast misses you.
The will-o-the-wisp gestures.
The will-o-the-wisp conjures some foxfire!
The swamp drake bites you.
* * * LOW HITPOINT WARNING * * *
2 foxfires come into view.
You feel better.
You are engulfed in noxious fumes.
You choke on the stench!
You are confused.
The foxfire hits you.
* * * LOW HITPOINT WARNING * * *
The foxfire hits you!
* * * LOW HITPOINT WARNING * * *
The will-o-the-wisp blinks!
The swamp drake barely misses you.
The will-o-the-wisp gestures.
The will-o-the-wisp conjures some foxfire! 2 foxfires come into view.
Your magical effects are unravelling.
You feel magically purged.
You feel yourself speed up.
You feel less confused.
You feel a little less mighty now. The foxfire hits you.
* * * LOW HITPOINT WARNING * * *
The foxfire hits you!
You die...

≈.≈≈ ..≈≈≈≈...≈ ≈.≈≈≈
≈.≈≈≈≈≈≈≈≈
.≈.≈≈.♣♣..≈≈.≈≈≈≈
..≈....≈...≈≈≈≈≈§
.≈≈♣≈≈......≈≈≈≈≈
..≈♣≈≈≈♣..≈≈.≈≈≈≈... ∆
≈.♣≈≈≈≈≈.≈≈≈..≈§≈..♣♣
.≈≈≈≈≈§♣@≈≈..≈≈≈≈.≈♣♣♣♣♣♣
§≈≈≈§§≈♣kv≈≈..≈≈≈.≈......
♣§v≈♣..§≈§≈≈≈≈≈≈≈..≈≈≈.
♣§♣.≈..§≈≈≈....♣..≈≈§≈
♣§....§.≈≈.♣.....≈≈§.
♣♣♣♣♣.§...†..≈≈.≈.≈.≈
♣v§≈♣.(..≈♣.≈..≈≈
♣♣≈≈♣♣♣.≈♣♣≈≈≈.≈≈
♣.≈.§♣♣♣♣♣♣...≈≈≈


You could see a will-o-the-wisp and a swamp drake.

Vanquished Creatures
  Gastronok (Lair:2)
  A quicksilver ooze (Lair:6)
  4 dire elephants (Lair:6)
  Josephine (D:10)
  8 hydras
  The ghost of Jenx the Grappler, a novice TrBe of Trog (D:8)
  2 boulder beetles
  2 two-headed ogres (D:11)
  Erica (D:10)
  4 death yaks (Lair:6)
  Nergalle (D:10)
  Sonja (D:10)
  2 spectral death yaks (Lair:6)
  A spectral anaconda (Lair:6)
  A bog body (Swamp:1)
  3 necromancers (Lair:6)
  A cyclops (D:8)
  9 elephants
  A dire elephant zombie (Lair:6)
  2 centaur zombies
  6 black mambas
  3 gargoyles
  Maggie (D:10)
  12 cane toads
  6 rime drakes
  A kobold demonologist (D:10)
  7 komodo dragons
  4 trolls
  3 hornets
  A tyrant leech (Swamp:1)
  5 polar bears
  A spectral elephant (Lair:6)
  12 blink frogs
  4 slime creatures
  Sigmund (D:2)
  2 shadows (D:12)
  4 spriggans
  10 wraiths
  2 vampires (D:10)
  4 basilisks
  34 yaks
  3 wyverns
  A steam dragon (D:6)
  2 vampire mosquitoes (D:11)
  A death yak simulacrum (Lair:6)
  4 spectral cane toads (Lair:6)
  A swamp worm (Swamp:1)
  A two-headed ogre zombie (D:12)
  9 water moccasins
  A swamp drake (Swamp:1)
  5 orc warriors
  5 black bears
  A sky beast (D:8)
  An ice beast (D:5)
  3 centaurs
  An ogre (D:5)
  14 wolves
  An elephant skeleton (Lair:6)
  2 phantoms (D:12)
  6 kobold brigands
  25 bullfrogs
  A scorpion (D:7)
  2 cane toad simulacra (Lair:6)
  3 troll zombies (D:12)
  A water moccasin skeleton (D:5)
  2 howler monkeys
  5 wights (D:6)
  2 electric eels
  A lava snake (Lair:5)
  4 jellies
  2 bullfrog zombies
  A human zombie (Ossuary)
  A bullfrog skeleton (D:5)
  4 hounds
  3 orc priests
  Terence (D:2)
  8 orc wizards
  5 hell rats (Lair:4)
  4 ogre zombies (D:12)
  A hound skeleton (D:4)
  3 mummies (Ossuary)
  3 howler monkey zombies
  Robin (D:2)
  3 gnolls (D:3)
  7 adders
  2 shadow imps (D:7)
  3 ufetubi
  A worm (D:3)
  4 dart slugs
  39 orcs
  4 bats
  9 endoplasms
  5 giant cockroaches
  21 goblins
  13 hobgoblins
  7 jackals (D:3)
  21 kobolds
  4 quokkas
  2 ball pythons (D:3)
  2 frilled lizards
  3 goblin skeletons (D:12)
  2 goblin zombies
  8 hobgoblin zombies
  5 kobold zombies (Ossuary)
  An orc skeleton (D:12)
  15 orc zombies (D:12)
  8 rats
504 creatures vanquished.

Vanquished Creatures (others)
  27 foxfires (Swamp:1)
  40 fungi
  52 plants
  29 withered plants (Lair:6)
148 creatures vanquished.

Grand Total: 652 creatures vanquished

Notes
Turn   | Place    | Note
-------+----------+-------------------------------------------
     0 | D:1      | fknight the Gnoll Berserker began the quest for the Orb.
     0 | D:1      | Reached XP level 1. HP: 23/23 MP: 1/1
   137 | D:1      | Reached XP level 2. HP: 26/29 MP: 2/2
   529 | D:1      | Reached XP level 3. HP: 30/35 MP: 3/3
   630 | D:1      | Reached ** piety under Trog
  1121 | D:2      | Reached skill level 1 in Invocations
  1185 | D:2      | Reached skill level 1 in Short Blades
  1185 | D:2      | Reached skill level 1 in Long Blades
  1185 | D:2      | Reached skill level 1 in Axes
  1185 | D:2      | Reached skill level 1 in Maces & Flails
  1185 | D:2      | Reached skill level 1 in Staves
  1185 | D:2      | Reached skill level 1 in Slings
  1185 | D:2      | Reached skill level 1 in Bows
  1185 | D:2      | Reached skill level 1 in Crossbows
  1185 | D:2      | Reached skill level 1 in Throwing
  1185 | D:2      | Reached skill level 1 in Stealth
  1185 | D:2      | Reached skill level 1 in Shields
  1185 | D:2      | Reached skill level 1 in Unarmed Combat
  1185 | D:2      | Reached skill level 1 in Spellcasting
  1185 | D:2      | Reached skill level 1 in Evocations
  1294 | D:2      | Found a hide-covered altar of Uskayaw.
  1350 | D:2      | Reached XP level 4. HP: 41/41 MP: 5/5
  1352 | D:2      | Noticed Robin
  1366 | D:2      | Killed Robin
  1626 | D:2      | Noticed Terence
  1637 | D:2      | Killed Terence
  1638 | D:2      | Reached skill level 1 in Conjurations
  1638 | D:2      | Reached skill level 1 in Hexes
  1638 | D:2      | Reached skill level 1 in Summonings
  1638 | D:2      | Reached skill level 1 in Necromancy
  1638 | D:2      | Reached skill level 1 in Translocations
  1638 | D:2      | Reached skill level 1 in Transmutations
  1638 | D:2      | Reached skill level 1 in Fire Magic
  1638 | D:2      | Reached skill level 1 in Ice Magic
  1638 | D:2      | Reached skill level 1 in Air Magic
  1638 | D:2      | Reached skill level 1 in Earth Magic
  1638 | D:2      | Reached skill level 1 in Poison Magic
  2023 | D:2      | Noticed Sigmund
  2029 | D:2      | Killed Sigmund
  2030 | D:2      | Reached XP level 5. HP: 47/47 MP: 5/7
  2030 | D:2      | Reached XP level 6. HP: 53/53 MP: 5/8
  2472 | D:3      | Reached skill level 5 in Armour
  2472 | D:3      | Reached skill level 5 in Dodging
  2573 | D:3      | Found an opulent altar of Gozag.
  2780 | D:3      | Reached *** piety under Trog
  3002 | D:3      | Found a faded altar of an unknown god.
  3237 | D:3      | Found a bloodstained altar of Trog.
  3280 | D:4      | Found a sand-covered staircase.
  3293 | Ossuary  | Entered an ossuary
  3293 | Ossuary  | Noticed a wraith
  3293 | Ossuary  | Noticed a wraith
  3293 | Ossuary  | Noticed a wraith
  3617 | Ossuary  | Reached XP level 7. HP: 55/59 MP: 10/10
  3736 | Ossuary  | Noticed a wraith
  3751 | Ossuary  | Killed a wraith
  4596 | D:4      | Reached **** piety under Trog
  4858 | D:5      | Entered Level 5 of the Dungeon
  4877 | D:5      | Reached XP level 8. HP: 59/67 MP: 12/12
  5334 | D:5      | Found an ancient bone altar of Kikubaaqudgha.
  5335 | D:5      | Found a shadowy altar of Dithmenos.
  6072 | D:6      | Reached XP level 9. HP: 50/72 MP: 14/14
  6082 | D:5      | HP: 1/73 [adder (3)]
  7009 | D:6      | Noticed a gargoyle
  7019 | D:6      | Killed a gargoyle
  7061 | D:6      | Identified the +1 ring mail "Ihoacw" {Str+3}
  7273 | D:6      | Found a staircase to the Ecumenical Temple.
  7620 | D:7      | Noticed a hornet
  7625 | D:7      | Killed a hornet
  7626 | D:7      | Reached skill level 5 in Invocations
  8234 | D:7      | Reached XP level 10. HP: 68/80 MP: 17/17
  8809 | D:8      | Reached skill level 5 in Short Blades
  8809 | D:8      | Reached skill level 5 in Long Blades
  8809 | D:8      | Reached skill level 5 in Axes
  8809 | D:8      | Reached skill level 5 in Maces & Flails
  8809 | D:8      | Reached skill level 5 in Staves
  8809 | D:8      | Reached skill level 5 in Slings
  8809 | D:8      | Reached skill level 5 in Bows
  8809 | D:8      | Reached skill level 5 in Crossbows
  8809 | D:8      | Reached skill level 5 in Throwing
  8809 | D:8      | Reached skill level 5 in Stealth
  8809 | D:8      | Reached skill level 5 in Shields
  8809 | D:8      | Reached skill level 5 in Unarmed Combat
  8809 | D:8      | Reached skill level 5 in Spellcasting
  8809 | D:8      | Reached skill level 5 in Evocations
  8821 | D:8      | Identified the +1 whip of Lunuec {vamp, Str+2}
  9317 | D:8      | Found a runed translucent door.
  9320 | D:8      | Identified the +6 trident "Giatyesedd" {drain, *Noise rC+++
                  | Int+7}
  9320 | D:8      | Noticed Jenx's ghost (novice TrBe)
  9409 | D:8      | Identified the +2 robe "Tonom" {rF+ rN+ Dex+3 SInv}
  9449 | D:8      | Noticed a cyclops
  9454 | D:8      | Killed a cyclops
 10002 | D:8      | Killed Jenx's ghost
 10998 | D:9      | Found a staircase to the Lair.
 11061 | D:10     | Entered Level 10 of the Dungeon
 11094 | D:10     | Reached XP level 11. HP: 87/87 MP: 19/19
 11104 | D:10     | Noticed Erica
 11110 | D:10     | Killed Erica
 11384 | D:10     | Reached skill level 5 in Conjurations
 11384 | D:10     | Reached skill level 5 in Hexes
 11384 | D:10     | Reached skill level 5 in Summonings
 11384 | D:10     | Reached skill level 5 in Necromancy
 11384 | D:10     | Reached skill level 5 in Translocations
 11384 | D:10     | Reached skill level 5 in Transmutations
 11384 | D:10     | Reached skill level 5 in Fire Magic
 11384 | D:10     | Reached skill level 5 in Ice Magic
 11384 | D:10     | Reached skill level 5 in Air Magic
 11384 | D:10     | Reached skill level 5 in Earth Magic
 11384 | D:10     | Reached skill level 5 in Poison Magic
 11769 | D:10     | Noticed Sonja
 11773 | D:10     | Killed Sonja
 11974 | D:10     | Noticed Nergalle
 11983 | D:10     | Killed Nergalle
 12020 | D:10     | Noticed Maggie
 12035 | D:10     | Killed Maggie
 12106 | D:10     | Noticed Josephine
 12116 | D:10     | Killed Josephine
 12497 | D:11     | Noticed a two-headed ogre
 12507 | D:11     | Killed a two-headed ogre
 12944 | D:11     | Noticed a two-headed ogre
 12951 | D:11     | Killed a two-headed ogre
 12952 | D:11     | Reached XP level 12. HP: 95/96 MP: 22/22
 13599 | D:12     | Noticed Nissa's ghost (journeyman MiFi)
 13600 | D:12     | Found a bloodstained altar of Trog.
 13600 | D:12     | Noticed a two-headed ogre
 13600 | D:12     | Noticed a two-headed ogre
 13766 | D:12     | Found a transporter.
 13772 | D:12     | Found a transporter.
 13778 | D:12     | Found a staircase to the Orcish Mines.
 14234 | D:12     | Noticed a five-headed hydra
 14577 | Lair:1   | Entered Level 1 of the Lair of Beasts
 14651 | Lair:1   | Noticed a six-headed hydra
 14664 | Lair:1   | Killed a two-headed hydra
 14850 | Lair:1   | Noticed a six-headed hydra
 14861 | Lair:1   | Killed a two-headed hydra
 15170 | Lair:1   | Reached skill level 10 in Fighting
 15170 | Lair:1   | Reached skill level 10 in Polearms
 16298 | Lair:2   | Noticed a boulder beetle
 16311 | Lair:2   | Killed a boulder beetle
 16620 | Lair:2   | Reached XP level 13. HP: 103/103 MP: 24/24
 17028 | Lair:2   | Reached ***** piety under Trog
 17124 | Lair:2   | Noticed Gastronok
 17145 | Lair:2   | Killed Gastronok
 18301 | Lair:3   | Found a staircase to the Snake Pit.
 18350 | Lair:3   | Found a staircase to the Swamp.
 18381 | Lair:3   | Identified the +1 mace "Ijojiusch" {flame, Fly rElec Int+2
                  | Dex+4}
 19092 | Lair:4   | Identified the ring "Ilell" {Fly Dex+3}
 19193 | Lair:4   | Received a gift from Trog
 21470 | Lair:6   | Entered Level 6 of the Lair of Beasts
 21474 | Lair:6   | Found a gate leading to a gauntlet.
 21501 | Lair:6   | Reached skill level 10 in Armour
 21501 | Lair:6   | Reached skill level 10 in Dodging
 21501 | Lair:6   | Reached XP level 14. HP: 86/113 MP: 26/26
 22356 | Lair:6   | Found a staircase to the Slime Pits.
 22567 | Lair:6   | Noticed a dire elephant
 22567 | Lair:6   | Noticed a dire elephant
 22575 | Lair:6   | Noticed a dire elephant
 22833 | Lair:6   | Reached skill level 10 in Invocations
 23434 | Lair:6   | Noticed a dire elephant
 23460 | Lair:6   | Killed a dire elephant
 24151 | Lair:6   | Killed a dire elephant
 24607 | Lair:6   | Killed a dire elephant
 24882 | Lair:6   | Killed a dire elephant
 25371 | Lair:6   | Noticed a quicksilver ooze
 25390 | Lair:6   | Killed a quicksilver ooze
 25955 | Swamp:1  | Entered Level 1 of the Swamp
 26218 | Swamp:1  | HP: 4/113 [will-o-the-wisp/foxfire (12)]
 26219 | Swamp:1  | Killed from afar by a will-o-the-wisp

Illustrated notes

Levels and vault maps discovered:
D:1:      minmay_arrival_nine_rooms, layout_basic, hangedman_decor_push
D:2:      layout_basic, basic_altar, uniq_terence, uniq_robin, uniq_sigmund
D:3:      layout_basic, nicolae_gozag_cash_rules_everything_around_me,
          lemuel_round_altar, shapermc_ecumenical_altar_notcrosses
D:4:      layout_basic, lightli_ossuary_entry_decrepit_ruins
D:5:      layout_layer_cave, mainiacjoe_overflow_divided_tiny
D:6:      layout_basic, lemuel_temple_firewalk_a, minmay_manual_mail
D:7:      layout_basic
D:8:      layout_gridville, ebering_ghost_funeral_grove
D:9:      layout_rooms, david_lair_shrubbed
D:10:     layout_roguey, uniq_josephine, uniq_maggie, uniq_nergalle, uniq_erica,
          uniq_sonja
D:11:     layout_roguey
D:12:     layout_loops_ring, zombieorc2_lemuel,
          gammafunk_ghost_wrathful_warriors, st_stairs_9, minivault_26
Lair:1:   layout_regular_city, ldierk_geyser, gammafunk_lair_bear_cave
Lair:2:   layout_roguey, lemuel_fruit_tree, grunt_megastairs_3, uniq_gastronok
Lair:3:   layout_loops_ring, swamp_mist, dummy_snake_entry,
          infiniplex_staircase_pool_2
Lair:4:   layout_loops_ring, grunt_megastairs_4
Lair:5:   layout_gridlike, beast_lair_carwin_6, serial_bayou_shore_b,
          serial_bayou_shore_a
Lair:6:   due_jungle_book, layout_gridlike, dpeg_slime_entry_corner,
          gauntlet_entry_generic, nicolae_lair_time_for_slime
Swamp:1:  layout_basic_swamp, nicolae_swamp_trees_clearing, swamp_pool1,
          infiniplex_staircase_pool

Skill      XL: |  1  2  3  4  5  6  7  8  9 10 11 12 13 14 |
---------------+-------------------------------------------+-----
Invocations    | 1 2 3 4 5 6 7 8 9 10 | 10.5
Short Blades   | 1 2 3 4 5 6 7 8 9 |  9.6
Long Blades    | 1 2 3 4 5 6 7 8 9 |  9.6
Axes           | 1 2 3 4 5 6 7 8 9 |  9.6
Maces & Flails | 1 2 3 4 5 6 7 8 9 |  9.6
Staves         | 1 2 3 4 5 6 7 8 9 |  9.6
Slings         | 1 2 3 4 5 6 7 8 9 |  9.6
Bows           | 1 2 3 4 5 6 7 8 9 |  9.6
Crossbows      | 1 2 3 4 5 6 7 8 9 |  9.6
Throwing       | 1 2 3 4 5 6 7 8 9 |  9.6
Stealth        | 1 2 3 4 5 6 7 8 9 |  9.6
Shields        | 1 2 3 4 5 6 7 8 9 |  9.6
Unarmed Combat | 1 2 3 4 5 6 7 8 9 |  9.6
Spellcasting   | 1 2 3 4 5 6 7 8 9 |  9.6
Evocations     | 1 2 3 4 5 6 7 8 9 |  9.6
Conjurations   | 1 2 3 4 5 6 7 8 |  8.0
Hexes          | 1 2 3 4 5 6 7 8 |  8.0
Summonings     | 1 2 3 4 5 6 7 8 |  8.0
Necromancy     | 1 2 3 4 5 6 7 8 |  8.0
Translocations | 1 2 3 4 5 6 7 8 |  8.0
Transmutations | 1 2 3 4 5 6 7 8 |  8.0
Fire Magic     | 1 2 3 4 5 6 7 8 |  8.0
Ice Magic      | 1 2 3 4 5 6 7 8 |  8.0
Air Magic      | 1 2 3 4 5 6 7 8 |  8.0
Earth Magic    | 1 2 3 4 5 6 7 8 |  8.0
Poison Magic   | 1 2 3 4 5 6 7 8 |  8.0
Armour         | 5 6 7 8 9 10 | 10.7
Dodging        | 5 6 7 8 9 10 | 10.7
Fighting       | 7 8 9 10 11 | 11.6
Polearms       | 7 8 9 10 11 | 11.6

Action                   |  1- 3 |  4- 6 |  7- 9 | 10-12 | 13-15 || total
-------------------------+-------+-------+-------+-------+-------++-------
Melee: Spear             |   128 |    53 |       |       |       ||   181
       Bite              |    13 |    22 |    34 |    78 |   157 ||   304
       Punch             |     4 |     4 |    11 |    28 |       ||    47
       Trident           |       |   151 |   332 |   609 |   826 ||  1918
       Scimitar          |       |       |       |    10 |   114 ||   124
Throw: Dart              |       |       |       |    25 |    20 ||    45
Invok: Berserk           |       |     2 |     3 |    11 |    10 ||    26
       Trog's Hand       |       |       |     3 |    13 |    12 ||    28
Evoke: Wand              |       |       |       |     5 |     3 ||     8
  Use: Scroll            |       |       |    18 |    17 |    10 ||    45
       Potion            |       |       |     1 |     3 |     9 ||    13
 Stab: Sleeping          |     1 |       |       |       |       ||     1
Armor: Animal skin       |     8 |       |       |       |       ||     8
       Leather armour    |     3 |       |       |       |       ||     3
       Ring mail         |    16 |    22 |       |       |       ||    38
       Scale mail        |       |     4 |       |       |       ||     4
       Chain mail        |       |    60 |    79 |       |       ||   139
       Plate armour      |       |       |   128 |   270 |   476 ||   874
Dodge: Dodged            |    51 |    81 |   126 |   231 |   348 ||   837
Block: Tower shield      |       |       |       |    62 |   794 ||   856
